 Dungeon Crawl Stone Soup version 0.28-a0-883-gc8d7bad45d (webtiles) character file.

Game seed: 8085912793079222171

33 Zonian the Poker (level 3, -4/27 HPs)
             Began as a Demonspawn Gladiator on Nov 22, 2021.
             Was an Initiate of Gozag.
             Slain by an iguana (5 damage)
             ... on level 3 of the Dungeon.
             The game lasted 00:02:02 (1324 turns).

Zonian the Poker (Demonspawn Gladiator)             Turns: 1324, Time: 00:02:02

Health: -4/27      AC:  5    Str: 14    XL:     3   Next: 12%
Magic:  3/3        EV: 12    Int:  9    God:    Gozag
Gold:   216        SH:  0    Dex: 15    Spells: 2/2 levels left

rFire   . . .      SeeInvis .   a - +0 trident
rCold   . . .      Faith    .   (no shield)
rNeg    . . .      Spirit   .   b - +0 leather armour
rPois   .          Reflect  .   c - +0 helmet
rElec   .          Harm     .   (no cloak)
rCorr   .          Rampage  .   (no gloves)
Will    .....                   j - +0 pair of boots
Stlth   +.........              (no amulet)
HPRegen 0.09/turn               (no ring)
MPRegen 0.08/turn               (no ring)

@: gold aura
A: demonic magic 1
a: Renounce Religion, Potion Petition, Call Merchant, Bribe Branch


You were on level 3 of the Dungeon.
You worshipped Gozag.
Gozag was aware of your devotion.
You visited 1 branch of the dungeon, and saw 3 of its levels.

You collected 216 gold pieces.

Inventory:

Hand Weapons
 a - a +0 trident (weapon)
 k - a +1 hunting sling of flaming
Missiles
 m - 23 sling bullets
Armour
 b - a +0 leather armour (worn)
 c - a +0 helmet (worn)
 j - a +0 pair of boots (worn)
Magical Staves
 e - a staff of conjuration
Scrolls
 f - 2 scrolls of teleportation {unknown}
 n - a scroll of identify {unknown}
 o - a scroll of summoning {unknown}
 q - a scroll of fog {unknown}
Potions
 g - 3 potions of degeneration {unknown}
 h - a potion of berserk rage {unknown}
 i - a potion of might {unknown}
 l - a potion of heal wounds {unknown}
 p - a potion of mutation {unknown}


   Skills:
 + Level 2.2 Fighting
 + Level 3.3 Polearms
 + Level 1.9 Throwing
 + Level 0.1 Armour
 + Level 3.1 Dodging


You had 2 spell levels left.
You didn't know any spells.
Your spell library contained the following spells:

 Spells                   Type           Power      Damage    Failure   Level
 Summon Forest            Summ/Tloc      0%         N/A       100%        5
 Summon Mana Viper        Hex/Summ       0%         N/A       100%        5
 Summon Cactus Giant      Summ           0%         N/A       100%        6


Dungeon Overview and Level Annotations

Branches:
Dungeon (3/15)

Altars:
Gozag
Makhleb


Innate Abilities, Weirdness & Mutations

Spells you cast may paralyse adjacent enemies.


Message History

* * * LOW HITPOINT WARNING * * *
You are too injured to fight recklessly!
Unknown command.
Throw: 3 throwing nets
Press: ? - help, Q - select action, (/) - cycle Shift-Dir - straight line, f/p - iguana
Aim: an iguana (heavily wounded, 63% to hit)
You throw a throwing net. The throwing net hits the iguana.
The iguana is caught in the net!
The iguana is heavily wounded.
The iguana struggles against the net.
You catch the helpless iguana completely off-guard!
You hit the iguana but do no damage.
The iguana is heavily wounded.
The iguana struggles against the net.
The iguana struggles against the net.
Throw: 2 throwing nets
Press: ? - help, Q - select action, (/) - cycle Shift-Dir - straight line, f/p - iguana
Aim: an iguana (heavily wounded, entangled in a net, 89% to hit)
You throw a throwing net. The throwing net hits the hobgoblin.
The hobgoblin is caught in the net!
The hobgoblin struggles against the net.
The iguana struggles against the net.
You hit the hobgoblin.
You kill the hobgoblin!
The iguana struggles against the net.
The net rips apart, and the iguana comes free!
The iguana bites you.
* * * LOW HITPOINT WARNING * * *
Things that are here:
3 gold pieces; a throwing net Unknown command.
Okay, then.
Throw: throwing net
Press: ? - help, Q - select action, (/) - cycle Shift-Dir - straight line, f/p - iguana
Aim: an iguana (heavily wounded, 63% to hit)
You throw a throwing net.
The throwing net completely misses the iguana.
The iguana bites you.
You die...
Your body crumbles into a pile of gold.

#.....## #.....(.
#......#####
#..........#
#..........#
#.....# #.######.
#l.......
#@######. #.##
#######..#####.###
..........).......
########.#####.###
#.# #######.#
#.......##
#.####...# .#


You could see an iguana.

Vanquished Creatures
  2 dart slugs (D:1)
  2 bats
  2 endoplasms
  A giant cockroach (D:2)
  3 hobgoblins
  3 kobolds
  2 quokkas
  2 ball pythons
  2 frilled lizards
  5 goblins
  2 rats (D:2)
26 creatures vanquished.

Notes
Turn   | Place    | Note
-------+----------+-------------------------------------------
     0 | D:1      | Zonian the Demonspawn Gladiator began the quest for the
                  | Orb.
     0 | D:1      | Reached XP level 1. HP: 16/16 MP: 1/1
    52 | D:1      | Found a faded altar of an unknown god.
    59 | D:1      | Prayed at the altar of an unknown god.
    59 | D:1      | Became a worshipper of Gozag Ym Sagoz the Greedy
    83 | D:1      | Gained mutation: Spells you cast may paralyse adjacent
                  | enemies. [demonic ancestry]
    83 | D:1      | Reached XP level 2. HP: 22/22 MP: 2/2
   810 | D:2      | Found a burning altar of Makhleb.
  1150 | D:3      | Reached XP level 3. HP: 22/27 MP: 3/3
  1323 | D:3      | HP: 1/27 [iguana (5)]
  1324 | D:3      | Slain by an iguana

Illustrated notes

Levels and vault maps discovered:
D:1:      tarquinn_simple_flora_water_b, layout_rooms, basic_ecumenical_altar
D:2:      layout_basic, basic_altar, chequers_serial_rivers_room_a
D:3:      layout_basic

Skill      XL: |  1  2 |
---------------+-------+-----
Polearms       | 3 |  3.3
Dodging        | 3 |  3.1
Fighting       | |  2.2
Throwing       | |  1.9
Armour         | |  0.1

Action                   || total
-------------------------++-------
Melee: Trident           ||    63
Throw: Throwing net      ||     3
 Stab: Held in net/web   ||     1
Armor: Leather armour    ||     7
Dodge: Dodged            ||    23

Table legend: (Time is in decaauts)
 A = Elapsed time spent in this place.
 B = Non-inter-level travel time spent in this place.
 C = Inter-level travel time spent in this place.
 D = Time resting spent in this place.
 E = Time spent auto-exploring this place.
 F = Levels seen in this place.
 G = Mean time per level.
                   A        B        C        D        E       F      G
               +--------+--------+--------+--------+--------+-----+--------+
         Total |   1332 |   1273 |     59 |      0 |   1004 |   3 |  444.0 |
       Dungeon |   1332 |   1273 |     59 |      0 |   1004 |   3 |  444.0 |
               +--------+--------+--------+--------+--------+-----+--------+

Top non-repeatable levels by time:
     D:2: 708 daAuts
     D:1: 419 daAuts
     D:3: 203 daAuts
